 Dungeon Crawl Stone Soup version 0.30-b1-2-g02819fbbbe (webtiles) character file.

Game seed: 2161597824101841805

19 sanka the Charlatan (level 2, 0/16 HPs)
             Began as a Deep Elf Artificer on May 11, 2023.
             Succumbed to a goblin's poison
             ... on level 1 of the Dungeon.
             The game lasted 00:01:19 (686 turns).

sanka the Charlatan (Deep Elf Artificer)             Turns: 686, Time: 00:01:20

Health: 0/16       AC:  3    Str:  9    XL:     2   Next: 55%
Magic:  4/4        EV: 17    Int: 15    God:
Gold:   22         SH:  0    Dex: 15    Spells: 1/1 levels left

rFire   . . .        h - +0 short sword
rCold   . . .        (no shield)
rNeg    . . .        b - +0 leather armour
rPois   .            (no helmet)
rElec   .            (no cloak)
rCorr   .            (no gloves)
SInv    .            (no boots)
Will    .....        (no amulet)
Stlth   ++           g - +5 ring of evasion
HPRegen 0.22/turn    (no ring)
MPRegen 0.09/turn

%: no passive effects
@: lethally poisoned (0 -> -14)
A: no striking features
a: no special abilities


You were on level 1 of the Dungeon.
You visited 1 branch of the dungeon, and saw 1 of its levels.

You collected 22 gold pieces.

Inventory:

Hand Weapons
 a - a +0 club
 h - a +0 short sword (weapon)
Armour
 b - a +0 leather armour (worn)
Jewellery
 g - a +5 ring of evasion (left hand)
 o - a ring of fire
Wands
 c - a wand of flame (14) (quivered)
 d - a wand of charming (15)
 e - a wand of iceblast (5)
Scrolls
 f - a scroll of identify {unknown}
 j - a scroll of brand weapon {unknown}
 k - 2 scrolls of fog {unknown}
 m - a scroll of teleportation {unknown}
 n - a scroll of blinking {unknown}
Potions
 i - a potion of attraction {unknown}
 l - a potion of curing {unknown}
 p - a potion of mutation {unknown}


   Skills:
 + Level 1.1 Fighting
 - Level 0.7 Armour
 + Level 2.8 Dodging
 - Level 1.2 Stealth
 - Level 4.0 Evocations


You had one spell level left.
You didn't know any spells.
Your spell library was empty.

Dungeon Overview and Level Annotations

Branches:
Dungeon (1/15)

Altars:


Message History

You kill the rat!
No target in view!
No target in view!
You now have 22 gold pieces (gained 13).
A giant cockroach comes into view.
A giant cockroach is nearby!
A giant cockroach is nearby!
A giant cockroach is nearby!
Found a silvery potion.
A dart slug and a goblin come into view.
The goblin is wielding a +3 dagger of venom.
The goblin shouts!
The giant cockroach bites you but does no damage.
You barely miss the giant cockroach. The giant cockroach closely misses you.
The giant cockroach barely misses you.
You hit the giant cockroach.
The giant cockroach is heavily wounded.
The giant cockroach misses you.
You hit the giant cockroach.
You kill the giant cockroach!
The goblin attacks as you move away! The goblin completely misses you.
The goblin attacks as you move away!
The goblin hits you with a +3 dagger of venom.
You are poisoned.
You feel very sick.
You feel very sick.
You are too injured to fight recklessly!
You are too injured to fight recklessly!
You are too injured to fight recklessly!
You hit the goblin.
The goblin is moderately wounded.
You feel sick.
The goblin hits you with a +3 dagger of venom.
* * * LOW HITPOINT WARNING * * *
You are more poisoned.
Aiming: Throw Flame
Press: ? - help, Shift-Dir - straight line, f - goblin
Aim: a goblin, wielding a +3 dagger of venom (moderately wounded, 64% to hit)
The puff of flame hits the goblin!
You kill the goblin!
You die...

#.... . #.... # .
#.... #.# .
#!...####.# .
#.........###
##...w........
#...........#
#.####.####.########
.......†w.)@.........
+#+####.####..##### #
#.# #..#######. ##
#.####.......... .#
#.##....†....##.# .#
..##.........##.# .#
####.........##.# .#
#.........##.#
.######..
#.......).##.#


You could see a dart slug.

Vanquished Creatures
  A dart slug (D:1)
  3 ball pythons (D:1)
  2 endoplasms (D:1)
  2 giant cockroaches (D:1)
  5 goblins (D:1)
  2 frilled lizards (D:1)
  A kobold (D:1)
  2 rats (D:1)
18 creatures vanquished.

Notes
Turn   | Place    | Note
-------+----------+-------------------------------------------
     0 | D:1      | sanka the Deep Elf Artificer began the quest for the Orb.
     0 | D:1      | Reached XP level 1. HP: 11/11 MP: 3/3
   214 | D:1      | Found a faded altar of an unknown god.
   280 | D:1      | Reached XP level 2. HP: 14/16 MP: 4/4
   296 | D:1      | Reached skill level 4 in Evocations
   537 | D:1      | Reached skill level 1 in Fighting
   686 | D:1      | Succumbed to a goblin's poison

Illustrated notes

Levels and vault maps discovered:
D:1:      psy_arrival_radial02, layout_basic,
          hellmonk_ecumenical_altar_pennies_from_heaven

Skill      XL: |  1  2 |
---------------+-------+-----
Evocations     | 4 |  4.0
Fighting       | 1 |  1.1
Armour         | |  0.7
Dodging        | |  2.8
Stealth        | |  1.2

Action                     || total
---------------------------++-------
  Melee: Club              ||    47
         Short sword       ||    46
  Evoke: Wand              ||     1
 Armour: Leather armour    ||    11
  Dodge: Dodged            ||    78
